 Dungeon Crawl Stone Soup version 0.32-a0-699-g1ee5eff69a (console) character file.

Game seed: 4626678952235278295

264 zenocrate the Digger (level 5, -1/38 HPs)
             Began as a Demigod Earth Elementalist on Mar 13, 2024.
             Killed from afar by Ijyb (13 damage)
             ... with a puff of flame
             ... on level 4 of the Dungeon.
             The game lasted 00:02:50 (2452 turns).

zenocrate the Digger (Demigod Earth Elementalist)   Turns: 2452, Time: 00:02:51

Health: -1/38      AC:  3    Str:  9    XL:     5   Next: 66%
Magic:  5/12       EV: 11    Int: 24    God:
Gold:   136        SH:  0    Dex: 14    Spells: 3/10 levels left

rFire   . . .        a - +7 dagger of Asisow {venom, Int+3}
rCold   . . .        (no shield)
rNeg    . . .        q - +0 leather armour {rPois}
rPois   +            (no helmet)
rElec   .            (no cloak)
rCorr   .            (no gloves)
SInv    .            (no boots)
Will    +....        (no amulet)
Stlth   ++           h - ring of willpower
HPRegen 0.26/turn    (no ring)
MPRegen 0.13/turn

%: no passive effects
@: no status effects
A: high MP 1, forlorn, divine attributes
a: no special abilities


You were on level 4 of the Dungeon.
You visited 1 branch of the dungeon, and saw 4 of its levels.

You collected 136 gold pieces.

Inventory:

Hand Weapons
 a - the +7 dagger of Asisow (weapon) {venom, Int+3}
   (You found it on level 2 of the Dungeon)

   Int+3:     It affects your intelligence (+3).
Armour
 q - a +0 leather armour of poison resistance (worn)
Jewellery
 h - a ring of willpower (left hand)
Scrolls
 c - a scroll of torment
 e - a scroll of summoning
 f - 2 scrolls of blinking
 i - 2 scrolls of revelation {unknown}
 k - 2 scrolls of teleportation {unknown}
 l - a scroll of enchant weapon {unknown}
 m - a scroll of immolation {unknown}
 n - a scroll of poison {unknown}
Potions
 b - a potion of magic
 d - a potion of curing {unknown}
 g - 3 potions of heal wounds {unknown}
 j - 2 potions of ambrosia
 o - a potion of mutation {unknown}
 p - a potion of cancellation {unknown}


   Skills:
 + Level 3.0 Dodging
 - Level 1.7 Stealth
 + Level 3.0 Spellcasting
 + Level 2.8 Conjurations
 + Level 3.9 Earth Magic


You had 3 spell levels left.
You knew the following spells:

 Your Spells              Type           Power      Damage    Failure   Level
a - Sandblast             Erth           44%        2d11      3%          1
b - Stone Arrow           Conj/Erth      38%        3d9       12%         3
z - Passwall              Erth           22%        N/A       10%         3

Your spell library contained the following spells:

 Spells                   Type           Power      Damage    Failure   Level
 Foxfire                  Conj/Fire      40%        2x1d6     9%          1
 Call Canine Familiar     Summ           3%         N/A       41%         3
 Gell's Gravitas          Tloc           3%         N/A       41%         3
 Sigil of Binding         Hex            3%         N/A       41%         3
 Teleport Other           Tloc           3%         N/A       41%         3
 Brom's Barrelling Bould  Conj/Erth      19%        2d4       36%         4
 Petrify                  Alch/Erth      13%        N/A       56%         4
 Dimensional Bullseye     Hex/Tloc       1%         N/A       83%         4
 Dispersal                Tloc           1%         N/A       100%        6
 Plasma Beam              Fire/Air       1%         2x1d11    100%        6
 Starburst                Conj/Fire      5%         6d4       100%        6


Dungeon Overview and Level Annotations

Branches:
Dungeon (4/15)
 Temple: D:4-7

Annotations:
D:4 Ijyb


Innate Abilities, Weirdness & Mutations

You have an increased reservoir of magic. (+10% MP)
You shall have no god before yourself.
Your divine heritage dramatically boosts your attributes as you level up.


Message History

Confirm with . or Enter, or press ? or * to list all spells.
Aiming: Sandblast (safe; 3% risk of failure)
Press: ? - help, Shift-Dir - straight line, f - ogre
Aim: an ogre, wielding a +0 giant club (severely wounded, extremely poisoned, 92% to hit)
The blast of sand hits the ogre!
You kill the ogre!
Your Dodging skill increases to level 3!
Your Spellcasting skill increases to level 3!
Casting: Sandblast (safe; 3% risk of failure)
Confirm with . or Enter, or press ? or * to list all spells.
Aiming: Sandblast (safe; 3% risk of failure)
Press: ? - help, Shift-Dir - straight line, f - Ijyb
Aim: Ijyb, wielding a +0 club, wearing a +0 leather armour and carrying a wand of flame (asleep, 100% to hit)
The blast of sand hits Ijyb!
Ijyb is heavily wounded.
Ijyb shouts!
Ijyb zaps a wand.
The puff of flame hits you!
Casting: Sandblast (safe; 3% risk of failure)
Confirm with . or Enter, or press ? or * to list all spells.
Aiming: Sandblast (safe; 3% risk of failure)
Press: ? - help, Shift-Dir - straight line, f/p - Ijyb
Aim: Ijyb, wielding a +0 club, wearing a +0 leather armour and carrying a wand of flame (heavily wounded, 79% to hit)
The blast of sand hits Ijyb.
Ijyb is severely wounded.
Ijyb zaps a wand.
The puff of flame hits you!
Casting: Sandblast (safe; 3% risk of failure)
Confirm with . or Enter, or press ? or * to list all spells.
Aiming: Sandblast (safe; 3% risk of failure)
Press: ? - help, Shift-Dir - straight line, f/p - Ijyb
Aim: Ijyb, wielding a +0 club, wearing a +0 leather armour and carrying a wand of flame (severely wounded, 79% to hit)
The blast of sand misses Ijyb.
Ijyb zaps a wand.
The puff of flame hits you.
Unknown command.
Casting: Sandblast (safe; 3% risk of failure)
Confirm with . or Enter, or press ? or * to list all spells.
Aiming: Stone Arrow (dangerous; 12% risk of failure)
Press: ? - help, Shift-Dir - straight line, f/p - Ijyb
Aim: Ijyb, wielding a +0 club, wearing a +0 leather armour and carrying a wand of flame (severely wounded, 60% to hit)
Ijyb zaps a wand.
The puff of flame hits you!
You die...
Ijyb screams, "Time for next experiment!"

## .# .# #
######.#+#.##
###...........#
........)g...#
#...$.@.....#
$$$.........##
$_$#######.## $
.. ##


You could see Ijyb.

Vanquished Creatures
  An ogre (D:4)
  Natasha (thrice) (D:3)
  3 adders
  2 dart slugs
  2 ribbon worms (D:2)
  3 orcs (D:3)
  5 endoplasms
  4 giant cockroaches (D:2)
  6 goblins
  6 hobgoblins
  4 quokkas
  7 ball pythons
  7 bats
  2 frilled lizards
  5 kobolds
  4 rats
64 creatures vanquished.

Notes
Turn   | Place    | Note
-------+----------+-------------------------------------------
     0 | D:1      | zenocrate the Demigod Earth Elementalist began the quest
                  | for the Orb.
     0 | D:1      | Reached XP level 1. HP: 14/14 MP: 5/5
    14 | D:1      | Reached skill level 1 in Conjurations
   399 | D:1      | Reached XP level 2. HP: 20/20 MP: 7/7
  1025 | D:2      | Reached XP level 3. HP: 17/26 MP: 4/8
  1029 | D:2      | Learned a level 3 spell: Stone Arrow
  1136 | D:2      | Identified the +7 dagger of Asisow {venom, Int+3}
  1531 | D:2      | Identified the +7 whip of Cetuhoad {drain, rF+ rCorr Str-4
                  | Dex+2}
  1993 | D:3      | Noticed Natasha
  1999 | D:3      | Killed Natasha
  2000 | D:3      | Reached XP level 4. HP: 28/33 MP: 10/10
  2005 | D:3      | Identified the +6 hand axe of the Changing Messenger {vamp,
                  | rF+ Will- Str+2}
  2010 | D:3      | Noticed Natasha
  2018 | D:3      | Killed Natasha
  2114 | D:3      | Noticed Natasha
  2120 | D:3      | Killed Natasha
  2121 | D:3      | Reached XP level 5. HP: 33/38 MP: 10/12
  2431 | D:3      | Learned a level 3 spell: Passwall
  2445 | D:4      | Noticed Ijyb
  2445 | D:4      | Noticed an ogre
  2448 | D:4      | Killed an ogre
  2452 | D:4      | Killed from afar by Ijyb

Illustrated notes

Levels and vault maps discovered:
D:1:      dpeg_arrival_tiny_a, layout_basic
D:2:      layout_loops_ring, basic_altar, minmay_pentomino_z4
D:3:      layout_rooms, eat_drink_and_be_merry_uskayaw,
          shapermc_ecumenical_altar_mp_vishouse, uniq_natasha
D:4:      layout_basic, nicolae_gozag_seed_capital, makhleb_altar_promises_db,
          zin_angel, st_stairs_11, serial_park_tiny_1, interstate_on_off,
          minivault_11, uniq_blork_the_orc, uniq_duvessa, uniq_sigmund,
          uniq_ijyb

Skill      XL: |  1  2  3  4  5 |
---------------+----------------+-----
Conjurations   | 1 2 |  2.8
Spellcasting   | 2 3 |  3.0
Earth Magic    | 3 |  3.9
Dodging        | 2 3 |  3.0
Stealth        | |  1.7

Action                     |  1- 3 |  4- 6 || total
---------------------------+-------+-------++-------
  Melee: Whip              |    60 |       ||    60
         Dagger            |    35 |    18 ||    53
   Cast: Sandblast         |    22 |    11 ||    33
         Stone Arrow       |       |     1 ||     1
    Use: Scroll            |     4 |       ||     4
   Stab: Sleeping          |    10 |     1 ||    11
 Armour: Robe              |    49 |    11 ||    60
         Leather armour    |       |     4 ||     4
  Dodge: Dodged            |    78 |    18 ||    96

Table legend: (Time is in decaauts)
 A = Elapsed time spent in this place.
 B = Non-inter-level travel time spent in this place.
 C = Inter-level travel time spent in this place.
 D = Time resting spent in this place.
 E = Time spent auto-exploring this place.
 F = Levels seen in this place.
 G = Mean time per level.
                   A        B        C        D        E       F      G
               +--------+--------+--------+--------+--------+-----+--------+
         Total |   2472 |   2329 |    143 |      0 |   1844 |   4 |  618.0 |
       Dungeon |   2472 |   2329 |    143 |      0 |   1844 |   4 |  618.0 |
               +--------+--------+--------+--------+--------+-----+--------+

Top non-repeatable levels by time:
     D:2: 985 daAuts
     D:1: 865 daAuts
     D:3: 611 daAuts
     D:4: 8 daAuts
